 Dungeon Crawl Stone Soup version 0.28.0-53-g5a82cb258f (webtiles) character file.

Game seed: 17845075649037003522

1839 Stomo the Party-goer (level 8, -7/63 HPs)
             Began as a Demonspawn Fighter on July 2, 2022.
             Was a Follower of Uskayaw.
             Killed by nerve-wracking pain
             ... invoked by Menkaure
              (12 damage)
             ... on level 6 of the Dungeon.
             The game lasted 00:07:31 (6533 turns).

Stomo the Party-goer (Demonspawn Fighter)           Turns: 6533, Time: 00:07:31

Health: -7/63      AC: 21    Str: 19    XL:     8   Next: 87%
Magic:  14/14      EV: 11    Int:  9    God:    Uskayaw [*.....]
Gold:   312        SH:  4    Dex: 13    Spells: 7/7 levels left

rFire   . . .      SeeInvis +   a - +1 flail (freeze)
rCold   . . .      Faith    .   (no shield)
rNeg    . . .      Spirit   .   b - +0 scale mail
rPois   .          Reflect  .   s - +2 helmet
rElec   .          Harm     .   C - +0 cloak
rCorr   .          Rampage  .   k - +0 pair of gloves
Will    .....                   (no boots)
Stlth   ..........              (no amulet)
HPRegen 0.20/turn               h - ring of see invisible
MPRegen 0.14/turn               (no ring)

@: sanguine armoured
A: spiny 2, sanguine armour 2, condensation shield, demonic touch 1
a: Renounce Religion, Stomp


You were on level 6 of the Dungeon.
You worshipped Uskayaw.
Uskayaw was aware of your devotion.
You visited 1 branch of the dungeon, and saw 6 of its levels.

You collected 312 gold pieces.

Inventory:

Hand Weapons
 a - a +1 flail of freezing (weapon)
Missiles
 q - 2 throwing nets (quivered)
Armour
 b - a +0 scale mail (worn)
 c - a +0 buckler
 j - a +2 robe of the Archmagi
 k - a +0 pair of gloves (worn)
 m - a +0 ring mail
 s - a +2 helmet (worn)
 C - a +0 cloak (worn)
Jewellery
 h - a ring of see invisible (left hand)
 l - a ring of positive energy
 y - a ring of fire
 B - the amulet "Fyorgh" {RegenMP Str-5 Int+4}
   (You found it on level 6 of the Dungeon)

   [amulet of magic regeneration]

   It increases your rate of magic regeneration.
   Str:       It affects your strength (-5).
   Int:       It affects your intelligence (+4).
Wands
 i - a wand of polymorph (3)
 x - a wand of iceblast (8)
Scrolls
 g - 4 scrolls of noise
 n - a scroll of blinking
 r - a scroll of identify
 u - 2 scrolls of amnesia
 A - a scroll of fog {unknown}
Potions
 d - a potion of might
 e - a potion of curing {unknown}
 f - 2 potions of haste
 o - a potion of heal wounds {unknown}
 p - 2 potions of flight {unknown}
 t - a potion of magic {unknown}
 v - 2 potions of mutation {unknown}
 w - a potion of ambrosia {unknown}
 z - a potion of brilliance {unknown}


   Skills:
 - Level 5.4 Fighting
 - Level 4.4 Maces & Flails
 - Level 4.9 Armour
 - Level 3.8 Dodging
 - Level 2.6 Shields
 * Level 9.2 Invocations


You had 7 spell levels left.
You didn't know any spells.
Your spell library contained the following spells:

 Spells                   Type           Power      Damage    Failure   Level
 Freeze                   Ice            0%         1d3       75%         1
 Ensorcelled Hibernation  Hex/Ice        0%         N/A       86%         2
 Passwall                 Tmut/Erth      0%         N/A       86%         2
 Call Canine Familiar     Summ           0%         N/A       98%         3
 Frozen Ramparts          Ice            0%         1d2       98%         3
 Gell's Gravitas          Tloc           0%         N/A       98%         3
 Lesser Beckoning         Tloc           0%         N/A       98%         3
 Portal Projectile        Hex/Tloc       0%         N/A       98%         3
 Swiftness                Air            0%         N/A       98%         3
 Teleport Other           Tloc           0%         N/A       98%         3
 Hailstorm                Conj/Ice       0%         3d3       100%        4
 Leda's Liquefaction      Hex/Erth       0%         N/A       100%        4
 Dispersal                Tloc           0%         N/A       100%        6
 Disjunction              Tloc           0%         N/A       100%        8


Dungeon Overview and Level Annotations

Branches:
Dungeon (6/15)
 Temple: D:4-7

Altars:
Qazlal
Sif Muna
Uskayaw

Shops:
D:3 !

Annotations:
D:6 1 runed translucent door, Menkaure; buhh's ghost, novice OpTm


Innate Abilities, Weirdness & Mutations

You are mostly covered in sharp spines.
When seriously injured, your blood forms thick armour. (AC +9)
A meltable shield of frost defends you. (SH +4)
Your touch may inflict minor irresistible damage on your foes.


Message History

Menkaure shouts!
Menkaure is nearby!
Menkaure is nearby!
Menkaure is nearby!
Menkaure is nearby!
Menkaure calls on the powers of darkness!
Your body is wracked with pain!
Your blood congeals into armour.
Found a runed translucent door.
Found 46 gold pieces.
Buhh's ghost turns its malevolent gaze towards you.
Menkaure casts a spell at you. Pain shoots through your body!
You see here 2 metallic green potions.
Unknown command.
Okay, then.
Menkaure mumbles some strange words.
Menkaure seems to speed up.
Menkaure calls on the powers of darkness!
Your body is wracked with pain!
* * * LOW HITPOINT WARNING * * *
You see here 2 metallic green potions.
Blink to where?
Press: ? - help, Dir - move target
As you read the scroll of blinking, it crumbles to dust.
Menkaure calls on the powers of darkness!
Your body is wracked with pain!
* * * LOW HITPOINT WARNING * * *
Menkaure calls on the powers of darkness!
Your body is wracked with pain!
* * * LOW HITPOINT WARNING * * *
Menkaure calls on the powers of darkness!
Your body is wracked with pain!
* * * LOW HITPOINT WARNING * * *
Menkaure is no longer moving quickly.
Menkaure calls on the powers of darkness!
Your body is wracked with pain!
* * * LOW HITPOINT WARNING * * *
Menkaure gestures at you while chanting.
Pain shoots through your body!
You die...

...# ##...###
#.........## #. .###
###...###....)...##
## ..
###...#.......## # ..
###M......### # .
##.....##############
#......##...........
##.................#
#..#......#########
#.@#..##### #.....#
#.....# #.<..##
#....# #....# #....#
#..### ####


You could see Menkaure.

Vanquished Creatures
  Sigmund (D:3)
  Eustachio (D:5)
  A black bear (D:6)
  A sky beast (D:6)
  2 ogres (D:5)
  A necrophage (D:5)
  3 phantoms
  A kobold brigand (D:5)
  2 water moccasin skeletons
  A jelly (D:5)
  4 orc priests
  A gnoll shaman (D:5)
  2 iguanas
  6 orc wizards
  A killer bee zombie (D:6)
  2 hound skeletons (D:4)
  6 gnolls
  5 adders
  2 white imps
  3 ufetubi (D:5)
  4 worms
  2 dart slugs
  26 orcs
  7 bats
  5 endoplasms
  4 giant cockroaches
  6 goblins
  4 hobgoblins
  3 jackals (D:4)
  9 kobolds
  3 quokkas
  4 ball pythons
  5 frilled lizards
  A jackal skeleton (D:4)
  A rat (D:1)
130 creatures vanquished.

Notes
Turn   | Place    | Note
-------+----------+-------------------------------------------
     0 | D:1      | Stomo the Demonspawn Fighter began the quest for the Orb.
     0 | D:1      | Reached XP level 1. HP: 18/18 MP: 1/1
   401 | D:1      | Gained mutation: When seriously injured, your blood forms
                  | armour. (AC +9) [demonic ancestry]
   401 | D:1      | Reached XP level 2. HP: 22/24 MP: 2/2
  1214 | D:1      | Reached skill level 1 in Dodging
  1214 | D:1      | Gained mutation: Your touch may inflict minor irresistible
                  | damage on your foes. [demonic ancestry]
  1214 | D:1      | Reached XP level 3. HP: 26/29 MP: 3/3
  1817 | D:2      | Found a faded altar of an unknown god.
  1901 | D:2      | Gained mutation: You are partially covered in sharp spines.
                  | [demonic ancestry]
  1901 | D:2      | Reached XP level 4. HP: 36/36 MP: 4/4
  2006 | D:3      | Found Gooxuakh's Distillery.
  2061 | D:3      | Gained mutation: When seriously injured, your blood forms
                  | thick armour. (AC +9) [demonic ancestry]
  2061 | D:3      | Reached XP level 5. HP: 31/42 MP: 5/5
  2644 | D:3      | Found a hide-covered altar of Uskayaw.
  2679 | D:3      | Became a worshipper of Uskayaw the Reveller
  2729 | D:3      | Reached * piety under Uskayaw
  2764 | D:3      | You fall into a shaft and drop 2 floors!
  2764 | D:5      | Entered Level 5 of the Dungeon
  2764 | D:5      | Noticed Eustachio
  2773 | D:5      | Reached ** piety under Uskayaw
  2787 | D:5      | Gained mutation: A meltable shield of frost defends you.
                  | (SH +4) [demonic ancestry]
  2787 | D:5      | Reached XP level 6. HP: 19/48 MP: 6/6
  2787 | D:5      | Reached *** piety under Uskayaw
  2980 | D:5      | Reached skill level 1 in Invocations
  2999 | D:5      | Reached skill level 2 in Invocations
  3192 | D:4      | Reached **** piety under Uskayaw
  3572 | D:4      | Reached XP level 7. HP: 46/55 MP: 9/9
  3742 | D:4      | Reached skill level 3 in Invocations
  4510 | D:3      | Found a shimmering blue altar of Sif Muna.
  4512 | D:3      | Found a stormy altar of Qazlal.
  4572 | D:3      | Noticed Sigmund
  4585 | D:3      | Killed Sigmund
  4586 | D:3      | Reached skill level 4 in Invocations
  4901 | D:5      | Reached skill level 5 in Fighting
  5092 | D:5      | Reached skill level 5 in Invocations
  5155 | D:5      | Gained mutation: You are mostly covered in sharp spines.
                  | [demonic ancestry]
  5155 | D:5      | Reached XP level 8. HP: 61/62 MP: 11/11
  5201 | D:5      | Reached ***** piety under Uskayaw
  5203 | D:5      | Killed Eustachio
  5204 | D:5      | Reached skill level 6 in Invocations
  5552 | D:5      | Reached skill level 7 in Invocations
  5799 | D:6      | Reached skill level 8 in Invocations
  6019 | D:6      | Identified the amulet "Fyorgh" {RegenMP Str-5 Int+4}
  6138 | D:6      | Identified the +6 dagger of the Disturbing People {vamp,
                  | rElec Will+ Int+4}
  6384 | D:6      | Reached skill level 9 in Invocations
  6498 | D:6      | Noticed Menkaure
  6503 | D:6      | Found a runed translucent door.
  6504 | D:6      | Noticed buhh's ghost (novice OpTm)
  6533 | D:6      | Killed from afar by Menkaure

Illustrated notes

Levels and vault maps discovered:
D:1:      tarquinn_simple_flora_water_b, layout_basic, corexii_leaking_fountain,
          minmay_statues_item
D:2:      layout_basic, hellmonk_ecumenical_altar_zigzags, minmay_pentomino_p4
D:3:      layout_loops_ring, nicolae_overflow_squiral,
          nicolae_overflow_crystal_walls, serial_shops, nicolae_shop_waterfront,
          minmay_quantized, uniq_sigmund
D:4:      layout_loops_ring, kennysheep_generic_room_9
D:5:      layout_rooms, uniq_eustachio
D:6:      layout_cave_pods, gammafunk_ghost_grave, uniq_menkaure

Skill      XL: |  1  2  3  4  5  6  7  8 |
---------------+-------------------------+-----
Maces & Flails | 2 3 4 |  4.4
Armour         | 3 4 |  4.9
Dodging        | 1 2 3 |  3.8
Fighting       | 4 5 |  5.4
Invocations    | 2 5 9 |  9.2
Shields        | |  2.6

Action                   |  1- 3 |  4- 6 |  7- 9 || total
-------------------------+-------+-------+-------++-------
Melee: Flail             |    96 |   102 |   125 ||   323
       Touch             |     5 |    22 |    18 ||    45
       Punch             |       |       |     1 ||     1
Invok: Stomp             |       |       |     1 ||     1
  Use: Scroll            |     3 |     2 |     8 ||    13
 Stab: Paralysed         |       |     6 |     7 ||    13
Armor: Scale mail        |    51 |    41 |    44 ||   136
Dodge: Dodged            |    63 |    59 |    55 ||   177
Block: Other             |       |     7 |    20 ||    27
